 Dungeon Crawl Stone Soup version 0.23-a0-814-g91b4073 (console) character file.

199 bli the Poker (level 6, 0/47 HPs)
             Began as a Formicid Abyssal Knight on Jan 21, 2019.
             Was a Believer of Lugonu.
             Slain by an adder (3 damage)
             ... on level 4 of the Dungeon.
             The game lasted 00:12:21 (3052 turns).

bli the Poker (Formicid Abyssal Knight)             Turns: 3052, Time: 00:12:21

Health: 0/47       AC:  4    Str: 17    XL:     6   Next: 6%
Magic:  7/7        EV: 11    Int: 15    God:    Lugonu [**....]
Gold:   180        SH:  0    Dex: 12    Spells: 5/5 levels left

rFire    . . .     SeeInvis +   a - +2 spear (pain)
rCold    . . .     Gourm    .   (no shield)
rNeg     . . .     Faith    .   p - +0 leather armour
rPois    .         Spirit   .   (helmet unavailable)
rElec    .         Reflect  .   (no cloak)
rCorr    .         Harm     .   j - +0 pair of gloves {archery}
MR       .....                  (no boots)
Stlth    +.........             (no amulet)
HPRegen  0.15/turn              v - +4 ring of intelligence
MPRegen  0.10/turn              (no ring)

@: lethally poisoned (0 -> -2)
A: permanent stasis, dig shafts and tunnels, four strong arms, antennae 3
a: Dig, Shaft Self, Depart the Abyss, Bend Space, Renounce Religion


You were on level 4 of the Dungeon.
You worshipped Lugonu.
Lugonu was pleased with you.
You were not hungry.

You visited 1 branch of the dungeon, and saw 4 of its levels.
You visited the Abyss 1 time.

You collected 180 gold pieces.

Inventory:

Hand Weapons
 a - a +2 spear of pain (weapon)
 b - a +0 hunting sling
 e - a +1 hand axe
 f - a +2 vampiric hand axe
 g - a +0 lajatang
 o - a +0 mace
Missiles
 i - 141 stones (quivered)
 k - 74 sling bullets
 x - 15 poisoned needles
Armour
 j - a +0 pair of gloves of archery (worn)
 p - a +0 leather armour (worn)
 q - a +0 chain mail
 w - a +0 ring mail
 F - a +0 scale mail
Jewellery
 v - a +4 ring of intelligence (left hand)
Wands
 y - a wand of paralysis (9)
 E - a wand of iceblast (3)
Scrolls
 h - 2 scrolls of identify {unknown}
 n - a scroll of teleportation {unknown}
 r - a scroll of remove curse {unknown}
 s - a scroll of amnesia {unknown}
 u - a scroll of random uselessness {unknown}
 A - a scroll of magic mapping {unknown}
 C - a scroll of fog {unknown}
Potions
 d - 3 potions of agility {unknown}
 l - a potion of cancellation {unknown}
 m - a potion of might {unknown}
 t - 2 potions of curing {unknown}
 z - a potion of heal wounds
 B - a potion of brilliance {unknown}
Comestibles
 c - 7 rations
 D - a chunk of flesh


   Skills:
 + Level 3.4 Fighting
 * Level 2.5(3.7) Axes
 * Level 0.4(1.7) Maces & Flails
 * Level 4.2(4.6) Polearms
 * Level 0.6(2.7) Staves
 + Level 0.2(0.5) Slings
 + Level 0.5(0.6) Throwing
 - Level 3.0 Armour
 - Level 0.8 Dodging
 - Level 2.1 Invocations


You had 5 spell levels left.
You didn't know any spells.
Your spell library was empty.

Dungeon Overview and Level Annotations

Branches:
Dungeon (4/15)
 Temple: D:4-7

Altars:


Innate Abilities, Weirdness & Mutations

You cannot be hasted, slowed, berserked, paralysed or teleported.
You can dig through walls and to a lower floor.
Your four strong arms can wield two-handed weapons with a shield.
You have a pair of large antennae on your head. (SInv)


Message History

You feel sick.
The orc wizard gestures wildly while chanting.
The orc wizard blinks!
You enter a teleport trap!
The teleport trap disappears.
The howler monkey hoots and howls with incredible vigour!
You hear an angry hiss.
The howler monkey hoots and howls with incredible vigour!
The adder bites you.
* * * LOW HITPOINT WARNING * * *
* * * LOW HITPOINT WARNING * * *
You feel sick.
A leopard gecko zombie comes into view.
The howler monkey hoots and howls with incredible vigour!
A giant cockroach zombie comes into view.
You hear an angry hiss.
A hound skeleton comes into view.
The orc wizard gestures wildly while chanting.
The orc wizard flickers and vanishes for a moment.
The adder bites you.
You die...

...............ho.
#........<# {
..##......# #.... ###
#......##..... #..
#.........#... ....
##.............
....#####ZZ######.....
.............Z..Z...##
....#........oo..##..#
. #.#........a..##..#
..#.#.#.....hhsS@.....#
.................####.#
..(...#..........#
.........o.......#
.................#
.#...............#
.#.###...........# ..
#.#.######### .. ..


You could see a howler monkey, a hound, a worker ant, 2 orc wizards, an adder,
an orc, a leopard gecko zombie, a giant cockroach zombie, a giant cockroach and
2 hound skeletons.

Vanquished Creatures
  Jessica (D:3)
  Ijyb (D:3)
  A worker ant (D:4)
  3 gnolls
  3 adders
  An ooze (D:2)
  3 leopard geckos
  9 orcs
  3 bats
  4 giant cockroaches
  5 goblins
  3 hobgoblins
  3 jackals (D:1)
  5 kobolds
  A quokka (D:2)
  2 ball pythons
  2 frilled lizards
  7 rats
57 creatures vanquished.

Notes
Turn   | Place    | Note
-------+----------+-------------------------------------------
     0 | Abyss:1  | bli the Formicid Abyssal Knight began the quest for the
                  | Orb.
     0 | Abyss:1  | Reached XP level 1. HP: 18/18 MP: 2/2
     3 | Abyss:1  | Found a corrupted altar of Lugonu.
    60 | Abyss:1  | Noticed a small abomination
   218 | Abyss:3  | Noticed a tentacled starspawn
   288 | Abyss:3  | Noticed a smoke demon
   290 | D:1      | Escaped the Abyss
   389 | D:1      | Reached skill level 1 in Polearms
   445 | D:1      | Reached XP level 2. HP: 15/24 MP: 3/3
   637 | D:1      | Reached * piety under Lugonu
   691 | D:1      | Reached XP level 3. HP: 28/29 MP: 4/4
   827 | D:2      | Reached skill level 2 in Polearms
  1302 | D:2      | Reached XP level 4. HP: 35/35 MP: 5/5
  1723 | D:3      | Noticed Jessica
  1730 | D:3      | Killed Jessica
  1730 | D:3      | Reached skill level 3 in Polearms
  2090 | D:3      | Reached XP level 5. HP: 35/41 MP: 6/6
  2155 | D:3      | Noticed Ijyb
  2194 | D:3      | Killed Ijyb
  2602 | D:2      | HP: 1/41 [gnoll/+0 flail (3)]
  3019 | D:4      | Reached ** piety under Lugonu
  3037 | D:4      | Reached skill level 4 in Polearms
  3037 | D:4      | Reached XP level 6. HP: 20/47 MP: 7/7
  3052 | D:4      | Slain by an adder

Vault maps used:
D:1:      elethiomel_arrival_shortcut
D:2:      first_ration
D:3:      minmay_statues_item, uniq_jessica, uniq_ijyb
D:4:      lightli_sewer_entry_pipes, serial_undead, serial_undead_a,
          serial_undead_e, serial_undead_a, serial_undead_d

Skill      XL: |  1  2  3  4  5 |
---------------+----------------+-----
Polearms       | 1 2 3 4 |  4.2
Armour         | 3 |  3.0
Fighting       | |  3.4
Axes           | |  2.5
Maces & Flails | |  0.4
Staves         | |  0.6
Slings         | |  0.2
Throwing       | |  0.5
Dodging        | |  0.8
Invocations    | |  2.1

Action                   |  1- 3 |  4- 6 || total
-------------------------+-------+-------++-------
Melee: Spear             |    67 |   161 ||   228
 Fire: Hunting sling     |     4 |     4 ||     8
Throw: Stone             |     9 |     2 ||    11
Invok: Depart the Abyss  |     1 |       ||     1
 Abil: Dig               |       |     1 ||     1
  Eat: Chunk             |     1 |     6 ||     7
Armor: Leather armour    |    15 |    15 ||    30
Dodge: Dodged            |    33 |    59 ||    92

Table legend:
 A = Non-vault XP
 B = Vault XP
 C = Vault XP percentage of total XP
 D = Non-vault monster count
 E = Vault monster count
 F = Vault count percentage of total count
                 A         B        C        D         E       F
            +---------+---------+-------+---------+---------+-------
      Total |     212 |      73 |  25.6 |      55 |       2 |   3.5
            +---------+---------+-------+---------+---------+-------
        D:1 |      29 |       0 |   0.0 |      17 |       0 |   0.0
        D:2 |      74 |       0 |   0.0 |      18 |       0 |   0.0
        D:3 |      60 |      73 |  54.9 |      16 |       2 |  11.1
        D:4 |      49 |       0 |   0.0 |       4 |       0 |   0.0
            +---------+---------+-------+---------+---------+-------
